 Dungeon Crawl Stone Soup version 0.28.0-45-g0d030f2227 (webtiles) character file.

Game seed: 10922987430676685538

841 dohliylev the Ruffian (level 7, -1/67 HPs)
             Began as a Troll Warper on May 10, 2022.
             Was an Initiate of Okawaru.
             Slain by an ice beast (8 damage)
             ... on level 5 of the Dungeon.
             The game lasted 00:09:34 (3986 turns).

dohliylev the Ruffian (Troll Warper)                Turns: 3986, Time: 00:09:34

Health: -1/67      AC:  3    Str: 22    XL:     7   Next: 67%
Magic:  7/7        EV: 10    Int:  9    God:    Okawaru [......]
Gold:   152        SH:  0    Dex:  9    Spells: 6/8 levels left

rFire   . . .      SeeInvis .     - Unarmed
rCold   . . .      Faith    .   (no shield)
rNeg    . . .      Spirit   .   a - +0 robe
rPois   .          Reflect  .   (helmet restricted)
rElec   .          Harm     +   o - -2 cloak "Xoanahil" {Harm Rampage Drain +Blink}
rCorr   .          Rampage  +   (gloves unavailable)
Will    .....                   (boots unavailable)
Stlth   +.........              (no amulet)
HPRegen 1.01/turn               (no ring)
MPRegen 0.10/turn               (no ring)

@: no status effects
A: large, unfitting armour, claws 3, regeneration 1, shaggy fur 1, tough skin 1
a: Renounce Religion, Evoke Blink


You were on level 5 of the Dungeon.
You worshipped Okawaru.
Okawaru was noncommittal.
You visited 2 branches of the dungeon, and saw 6 of its levels.

You collected 152 gold pieces.

Inventory:

Hand Weapons
 v - the +3 hand axe "Quec" {venom, Str+3}
   (You found it on level 5 of the Dungeon)

   It poisons the flesh of those it strikes.
   Str:       It affects your strength (+3).
Missiles
 c - 5 boomerangs of dispersal
 j - 9 boomerangs (quivered)
 u - a throwing net
Armour
 a - a +0 robe (worn)
 o - the -2 cloak "Xoanahil" (worn) {Harm Rampage Drain +Blink}
   (You found it on level 3 of the Dungeon)

   +Blink:    It lets you blink.
   Drain:     It drains your maximum health when unequipped.
   Harm:      It increases damage dealt and taken.
   Rampage:   It bestows one free step when moving towards enemies.
Wands
 l - a wand of flame (34)
 p - a wand of polymorph (11)
Scrolls
 b - a scroll of blinking
 e - 3 scrolls of identify {unknown}
 g - 2 scrolls of vulnerability {unknown}
 i - a scroll of enchant armour {unknown}
 k - a scroll of brand weapon {unknown}
 m - 2 scrolls of teleportation {unknown}
 q - a scroll of torment {unknown}
 r - 2 scrolls of amnesia {unknown}
 s - a scroll of immolation {unknown}
Potions
 d - 3 potions of heal wounds {unknown}
 f - a potion of might {unknown}
 h - 2 potions of ambrosia {unknown}
 n - a potion of attraction {unknown}
 t - 2 potions of curing {unknown}


   Skills:
 * Level 3.4 Fighting
 + Level 1.1 Throwing
 * Level 4.6 Dodging
 + Level 6.1 Unarmed Combat
 - Level 1.2 Spellcasting
 - Level 2.1 Translocations


You had 6 spell levels left.
You knew the following spells:

 Your Spells              Type           Power      Damage    Failure   Level
a - Blink                 Tloc           8%         N/A       22%         2

Your spell library contained the following spells:

 Spells                   Type           Power      Damage    Failure   Level
 Gell's Gravitas          Tloc           4%         N/A       41%         3
 Lesser Beckoning         Tloc           4%         N/A       41%         3
 Teleport Other           Tloc           4%         N/A       41%         3
 Scorch                   Fire           0%         2d5       50%         2
 Flame Wave               Conj/Fire      0%         2d4       98%         4
 Manifold Assault         Tloc           4%         N/A       99%         5
 Fireball                 Conj/Fire      0%         3d3       100%        5
 Starburst                Conj/Fire      0%         6d3       100%        6
 Ignition                 Fire           0%         3d3       100%        8
 Summon Cactus Giant      Summ           Unusable   N/A       N/A         6

Dungeon Overview and Level Annotations

Branches:
Dungeon (5/15)             Temple (1/1) D:4

Altars:
Cheibriados
Dithmenos
Elyvilon
Fedhas
Gozag
Hepliaklqana
Makhleb
Okawaru
Ru
Trog
Uskayaw
Vehumet
Wu Jian
Xom
Yredelemnul
Zin

Shops:
D:3 ((!(


Innate Abilities, Weirdness & Mutations

You are too large for most types of armour.
You have claws for hands.
Your natural rate of healing is unusually fast.
You are covered in fur. (AC +1)
You have tough skin. (AC +1)


Message History

The centaur zombie hits you but does no damage.
The centaur zombie kicks you but does no damage.
The centaur zombie barely misses you. The centaur zombie kicks you.
The white imp shouts, "Slither away, thou euchred miscreant ratsbane!"
You claw the two-headed ogre! You claw the two-headed ogre.
The two-headed ogre is moderately wounded.
You scratch the two-headed ogre but do no damage.
The two-headed ogre is moderately wounded.
You hear a distant slurping noise.
The two-headed ogre hits you with a +0 giant club!!
The two-headed ogre hits you with a +0 giant club.
The white imp gestures at you. The puff of frost hits you.
The white imp gestures at you. The puff of frost hits you!
* * * LOW HITPOINT WARNING * * *
The white imp gestures at you. The puff of frost misses you.
An ice beast comes into view.
You rampage towards the ice beast!
You rampage towards the ice beast!
You claw the ice beast!
The ice beast is heavily wounded.
The ice beast hits you.
* * * LOW HITPOINT WARNING * * *
The ice beast freezes you!
* * * LOW HITPOINT WARNING * * *
You barely miss the ice beast.
The ice beast is heavily wounded.
The ice beast hits you but does no damage.
The centaur zombie hits you.
* * * LOW HITPOINT WARNING * * *
The centaur zombie misses you.
You are too injured to fight recklessly!
Unknown command.
The ice beast completely misses you. The centaur zombie barely misses you.
The centaur zombie misses you. The ice beast hits you.
* * * LOW HITPOINT WARNING * * *
The ice beast freezes you!
You die...

########## ########
#........###+ #......#
#............
######......###............
#..........................
#...........##.............
#..........................
#.............>........###.
#...5.....@......###.###...
#....##..ZY......# #.......
#....##.O........# #.......
#....##..........# #.......
#.................(#.......
#..........................
#####......................
#....#+####............
#....# ............


You could see a two-headed ogre, an ice beast, a white imp and a centaur zombie.

Vanquished Creatures
  Sigmund (D:2)
  A black bear (D:4)
  A bullfrog (D:4)
  A scorpion (D:4)
  A bullfrog zombie (D:4)
  A hound (D:4)
  An orc priest (D:5)
  Ijyb (D:3)
  A centaur skeleton (D:5)
  An iguana (D:4)
  2 orc wizards
  Natasha (thrice) (D:4)
  9 adders
  An ufetubus (D:5)
  3 worms
  2 dart slugs
  9 orcs
  3 ball pythons
  6 bats
  5 endoplasms
  A giant cockroach (D:4)
  5 goblins
  6 hobgoblins
  5 jackals
  3 quokkas
  4 frilled lizards
  9 kobolds
  8 rats
94 creatures vanquished.

Vanquished Creatures (others)
  A demonic plant (D:1)
1 creature vanquished.

Grand Total: 95 creatures vanquished

Notes
Turn   | Place    | Note
-------+----------+-------------------------------------------
     0 | D:1      | dohliylev the Troll Warper began the quest for the Orb.
     0 | D:1      | Reached XP level 1. HP: 19/19 MP: 1/1
    65 | D:1      | Reached XP level 2. HP: 28/28 MP: 2/2
   410 | D:1      | Found a faded altar of an unknown god.
   410 | D:1      | Noticed an ice devil
   616 | D:2      | Reached XP level 3. HP: 12/35 MP: 3/3
   752 | D:2      | Reached skill level 3 in Unarmed Combat
   971 | D:2      | Noticed Sigmund
   995 | D:2      | Learned a level 2 spell: Blink
  1007 | D:2      | Killed Sigmund
  1008 | D:2      | Reached skill level 4 in Unarmed Combat
  1008 | D:2      | Reached XP level 4. HP: 25/44 MP: 4/4
  1008 | D:2      | Reached XP level 5. HP: 28/50 MP: 5/5
  1150 | D:2      | You fall into a shaft and drop 1 floor!
  1150 | D:3      | Found Boitar's Distillery.
  1225 | D:2      | Found an opulent altar of Gozag.
  1721 | D:3      | Reached XP level 6. HP: 56/59 MP: 6/6
  1784 | D:3      | Found Borey's Weapon Shop.
  1797 | D:3      | Identified the -2 cloak "Xoanahil" {Harm Rampage Drain
                  | +Blink}
  1805 | D:3      | Noticed Ijyb
  1808 | D:3      | Killed Ijyb
  1875 | D:3      | Found Oromno's Weapon Boutique.
  2162 | D:3      | Found Jonynum's Antique Weapon Boutique.
  2525 | D:4      | Reached skill level 1 in Throwing
  2525 | D:4      | Reached skill level 5 in Unarmed Combat
  2578 | D:4      | Reached XP level 7. HP: 48/66 MP: 7/7
  2617 | D:4      | Noticed Natasha
  2626 | D:4      | Killed Natasha
  2746 | D:4      | Identified the +2 ring mail of Azaag {rElec rN+ Int+3}
  2864 | D:4      | Noticed Natasha
  2871 | D:4      | Killed Natasha
  3003 | D:4      | Noticed Natasha
  3008 | D:4      | Found a staircase to the Ecumenical Temple.
  3015 | D:4      | Killed Natasha
  3054 | D:4      | Reached skill level 6 in Unarmed Combat
  3063 | Temple   | Entered the Ecumenical Temple
  3145 | Temple   | Became a worshipper of Warmaster Okawaru
  3775 | D:5      | Entered Level 5 of the Dungeon
  3904 | D:5      | Identified the +3 hand axe "Quec" {venom, Str+3}
  3924 | D:5      | Noticed a two-headed ogre
  3986 | D:5      | Slain by an ice beast

Illustrated notes

Levels and vault maps discovered:
D:1:      dpeg_arrival_renting, layout_rooms,
          dreamdust_ecumenical_altar_sealed_demon
D:2:      minmay_recursive_quarters, layout_basic, basic_altar, uniq_sigmund
D:3:      layout_loops_corners, serial_shops, shop,
          nicolae_shop_advertising_works [nicolae_subvault_shop_adworks],
          nicolae_shop_bloodbath_and_beyond, shop, uniq_ijyb
D:4:      layout_loops_corners, minmay_temple_entry_offerings,
          minmay_fractal_squares_5, uniq_natasha
D:5:      layout_basic
Temple:   eino_temple_scatter_basement

Skill      XL: |  1  2  3  4  5  6  7 |
---------------+----------------------+-----
Dodging        | 2 3 4 |  4.6
Fighting       | 2 3 |  3.4
Unarmed Combat | 4 5 6 |  6.1
Throwing       | 1 |  1.1
Spellcasting   | |  1.2
Translocations | |  2.1

Action                   |  1- 3 |  4- 6 |  7- 9 || total
-------------------------+-------+-------+-------++-------
Melee: Unarmed           |    99 |    97 |    66 ||   262
       Punch             |     4 |     5 |     2 ||    11
Throw: Boomerang         |       |     3 |       ||     3
 Stab: Sleeping          |       |     2 |     1 ||     3
Armor: Robe              |    25 |    25 |    22 ||    72
Dodge: Dodged            |    52 |    42 |    59 ||   153
